cohdb
Replays
Latest Replays
All Replays
Popular Replays
Top Player Replays
Match Explorer
How It Works
Community
CoH3 Stats
Reddit
Sign in to upload your games and track your stats! →
Sign in with Steam
Match 42185348
Unlisted
Match 42185348
Overview
Messages
Build Orders
End
Construct Section Command Post
Infantry Section
Infantry Section
Infantry Section
Construct Field Infirmary
Infantry Section
Selects Air and Sea Battlegroup
Selects Supply Surplus
Grenade Package
Construct Platoon Command Post
Unlock Bishop Self-propelled Artillery
Bishop Self-propelled Artillery
Bishop Self-propelled Artillery
Infantry Section
Infantry Section
Selects UNKNOWN (223837)
Bishop Self-propelled Artillery
Selects Commando Section Paradrop
Selects M1 Pack Howitzer Paradrop
Commando Section Paradrop
Infantry Section
AI Takeover
Beauselecta
Torinn
lagrangekevin830
T1sp
UpYours
Valdai
Sailor
pexav992
0
0
Comments
sign in to comment!
No comments posted yet!